 Dungeon Crawl Stone Soup version 0.19-a0-1568-gdd01aac (webtiles) character file.

203 Vasilisck the Skirmisher (level 5, 0/42 HPs)
             Began as a Demonspawn Fighter on Sept 15, 2016.
             Was a Follower of Makhleb.
             Succumbed to Eustachio's poison
             ... on level 4 of the Dungeon.
             The game lasted 00:06:07 (2676 turns).

Vasilisck the Skirmisher (Demonspawn Fighter)       Turns: 2676, Time: 00:06:08

Health: 0/42       AC: 10    Str: 23    XL:     5   Next: 51%
Magic:  5/5        EV:  7    Int:  9    God:    Makhleb [*.....]
Gold:   105        SH: 11    Dex: 12    Spells: 0 memorised, 4 levels left

rFire  . . .     SeeInvis .     a - +0 war axe
rCold  . . .     Gourm    .     b - +0 scale mail
rNeg   . . .     Faith    .     c - +1 shield
rPois  .         Spirit   .     (no helmet)
rElec  .         Dismiss  .     (no cloak)
rCorr  .         Reflect  .     m - +0 pair of gloves
MR     .....     Harm     .     (no boots)
Stlth  ..........               (no amulet)
                                (no ring)
                                (no ring)

@: mighty, lethally poisoned (0 -> -13)
A: slimy green scales 1
a: Renounce Religion


You were on level 4 of the Dungeon.
You worshipped Makhleb.
Makhleb was aware of your devotion.
You were not hungry.

You visited 1 branch of the dungeon, and saw 4 of its levels.

You collected 124 gold pieces.
You paid 19 gold pieces to Gozag.

Inventory:

Hand Weapons
 a - a +0 war axe (weapon)
Armour
 b - a +0 scale mail (worn)
 c - a +1 shield (worn)
 m - a +0 pair of gloves (worn)
 r - a +0 ring mail
Scrolls
 e - a scroll of teleportation
 g - 2 scrolls of identify {unknown}
 j - a scroll of magic mapping
 k - a scroll of amnesia
 l - a scroll of remove curse
Potions
 h - 2 potions of curing {unknown}
 i - 2 potions of ambrosia {unknown}
 n - a potion of degeneration {unknown}
 o - a potion of beneficial mutation {unknown}
Comestibles
 f - a bread ration
 p - 3 fruits
 q - a chunk of flesh


   Skills:
 + Level 4.0 Fighting
 + Level 2.6 Axes
 + Level 3.8 Armour
 + Level 3.8 Shields


You had 4 spell levels left.
You didn't know any spells.

Dungeon Overview and Level Annotations

Branches:
Dungeon (4/15)
 Temple: D:4-7

Altars:
Cheibriados
Gozag
Makhleb

Annotations:
D:4 Eustachio


Innate Abilities, Weirdness & Mutations

You are partially covered in slimy green scales. (AC +2)


Message History

You feel very sick. The white imp gestures at you. The puff of frost hits you!
You slash the white imp!
The white imp is almost dead.
You feel sick.
Eustachio gestures wildly while chanting.
The white imp gestures at you. The puff of frost hits you!
You closely miss the white imp.
The white imp is almost dead.
* * * LOW HITPOINT WARNING * * *
You feel sick. The white imp gestures at you. The puff of frost hits you!
* * * LOW HITPOINT WARNING * * *
The white imp gestures at you. You block the puff of frost.
Gozag petitions for your drink to fail.
You die...

#...............
#...............
#..............
#<...........
##...........
######.......#
..............#
.########...######.#..
#.....@55.@5..
#.#.######.#.. #.#.#
#.#.# #.#[# #.#.#
#.#.# #.#.#


You could see Eustachio, a quasit and 2 white imps.

Vanquished Creatures
  A hound (D:3)
  Terence (D:3)
  6 adders
  An ooze (D:2)
  3 worms (D:2)
  6 dart slugs
  2 leopard geckos
  An orc (D:3)
  14 bats
  4 giant cockroaches
  9 goblins
  6 hobgoblins
  3 jackals (D:2)
  A quokka (D:3)
  A frilled lizard (D:1)
  7 kobolds
  8 rats
74 creatures vanquished.

Notes
Turn   | Place    | Note
-------+----------+-------------------------------------------
     0 | D:1      | Vasilisck the Demonspawn Fighter began the quest for the Orb.
     0 | D:1      | Reached XP level 1. HP: 18/18 MP: 1/1
   116 | D:1      | Gained mutation: You are partially covered in slimy green scales. (AC +2) [demonic ancestry]
   116 | D:1      | Reached XP level 2. HP: 24/24 MP: 2/2
   395 | D:1      | Reached XP level 3. HP: 29/29 MP: 3/3
   479 | D:2      | Found an opulent altar of Gozag.
  1078 | D:2      | Found a faded altar of an unknown god.
  1267 | D:2      | Reached XP level 4. HP: 35/37 MP: 4/4
  1314 | D:2      | Became a worshipper of Gozag Ym Sagoz the Greedy
  1466 | D:2      | Found a burning altar of Makhleb.
  1486 | D:2      | Fell from the grace of Gozag
  1486 | D:2      | Became a worshipper of Makhleb the Destroyer
  2117 | D:3      | Noticed Terence
  2126 | D:3      | Killed Terence
  2198 | D:3      | Reached * piety under Makhleb
  2203 | D:3      | Reached XP level 5. HP: 28/42 MP: 5/5
  2336 | D:3      | Reached skill level 4 in Fighting
  2488 | D:3      | Found a snail-covered altar of Cheibriados.
  2658 | D:4      | Noticed Eustachio
  2675 | D:4      | HP: 2/42 [white imp/puff of frost[Eustachio] (9)]
  2676 | D:4      | Succumbed to Eustachio's poison

Vault maps used:
D:1:      minmay_arrival_jagged, minmay_misc_feat_square, minmay_tetromino_o2
D:2:      old_standard_altar, first_bread, ecumenical_altar_1,
          minmay_fountain_box, bloody_makhleb
D:3:      kennysheep_slug_shrine, roderic_batcave, uniq_terence
D:4:      mumra_celtic_spiral_tile, grunt_temple_overflow_magic_moments,
          minmay_hollow_rounded_squares, uniq_eustachio

Skill      XL: |  1  2  3  4  5 |
---------------+----------------+-----
Axes           | 2 |  2.6
Shields        | 3 |  3.8
Armour         | 3 |  3.8
Fighting       | 4 |  4.0

Action                   |  1- 3 |  4- 6 || total
-------------------------+-------+-------++-------
Melee: War axe           |   128 |   128 ||   256
  Use: Scroll            |     9 |       ||     9
       Potion            |       |     2 ||     2
  Eat: Bread ration      |       |     1 ||     1
       Chunk             |       |     2 ||     2
Armor: Scale mail        |    88 |    84 ||   172
Dodge: Dodged            |    45 |    51 ||    96
Block: Shield            |    78 |    93 ||   171
